 Dungeon Crawl Stone Soup version 0.22.1-2-g9c5b331 (webtiles) character file.

8431 tognito the Severer (level 11, -3/82 HPs)
             Began as a Minotaur Berserker on Dec 28, 2018.
             Was a High Priest of Trog.
             Slain by a two-headed ogre
             ... wielding a +0 dire flail
              (15 damage)
             ... on level 10 of the Dungeon.
             The game lasted 00:23:39 (8689 turns).

tognito the Severer (Minotaur Berserker)            Turns: 8689, Time: 00:23:40

Health: -3/82      AC: 17    Str: 22    XL:     11   Next: 9%
Magic:  0/3        EV:  7    Int:  4    God:    Trog [*****.]
Gold:   630        SH:  0    Dex: 15    Spells: 10/10 levels left

rFire    . . .     SeeInvis .   a - +3 battleaxe (antimagic)
rCold    + . .     Gourm    .   (shield currently unavailable)
rNeg     . . .     Faith    .   z - +0 plate armour
rPois    +         Spirit   +   k - +1 hat
rElec    .         Reflect  .   G - +0 cloak
rCorr    .         Harm     .   u - +1 pair of gloves
MR       .....     Clarity  +   o - +1 pair of boots
Stlth    ..........             w - amulet of guardian spirit
HPRegen  0.23/turn              n - +4 ring of dexterity
MPRegen  0.08/turn              (no ring)

@: berserk cooldown, slowed, very slow
A: retaliatory headbutt, horns 2, clarity, cold resistance 1, poison resistance,
weak 1
a: Berserk, Trog's Hand, Brothers in Arms, Renounce Religion


You were on level 10 of the Dungeon.
You worshipped Trog.
Trog was extremely pleased with you.
You were not hungry.

You visited 1 branch of the dungeon, and saw 10 of its levels.

You collected 878 gold pieces.
You spent 248 gold pieces at shops.

Inventory:

Hand Weapons
 a - a +3 antimagic battleaxe (weapon)
 b - a +0 shortbow
Missiles
 d - 184 arrows
 l - 39 bolts
 r - 3 tomahawks of dispersal (quivered)
Armour
 k - a +1 hat (worn)
 o - a +1 pair of boots (worn)
 u - a +1 pair of gloves (worn)
 z - a +0 plate armour (worn)
 G - a +0 cloak (worn)
Jewellery
 n - a +4 ring of dexterity (left hand)
 w - an amulet of guardian spirit (around neck)
Wands
 t - a wand of polymorph (9)
 y - a wand of paralysis (19)
 B - a wand of scattershot (6)
Scrolls
 e - 5 scrolls of teleportation {unknown}
 f - 10 scrolls of remove curse
 g - 4 scrolls of magic mapping {unknown}
 h - a scroll of fog {unknown}
 j - 4 scrolls of blinking {unknown}
 m - 8 scrolls of identify
 p - 3 scrolls of enchant weapon {unknown}
 q - a scroll of immolation {unknown}
 s - a scroll of random uselessness {unknown}
 A - a scroll of fear {unknown}
 C - a scroll of enchant armour {unknown}
 E - 3 scrolls of acquirement {unknown}
 H - a scroll of torment {unknown}
Potions
 i - 9 potions of curing
 v - 2 potions of heal wounds
 F - 3 potions of haste
Miscellaneous
 D - a lamp of fire
Comestibles
 c - 17 rations
 x - 2 chunks of flesh


   Skills:
 - Level 3.6 Fighting
 + Level 18.9 Axes
 - Level 2.4 Armour
 - Level 2.1 Dodging


You had 10 spell levels left.
You didn't know any spells.
Your spell library was empty.

Dungeon Overview and Level Annotations

Branches:
Dungeon (10/15)            Temple (0/1) D:6            Lair (0/6) D:8
    Orc (0/2) D:10

Altars:
Ashenzari
Cheibriados
Ru
Vehumet
Wu Jian
Yredelemnul
Zin

Shops:
D:4 *   D:6 ?   D:8 (   D:9 ?%


Innate Abilities, Weirdness & Mutations

You reflexively headbutt those who attack you in melee.
You have a pair of horns on your head.
You possess an exceptional clarity of mind.
Your flesh is cold resistant. (rC+)
Your system is resistant to poisons. (rPois)
You are weak. (Str -2)


Message History

You eat one of the 3 chunks of flesh.
This raw flesh tastes terrible.
You are no longer berserk.
You are exhausted.
You feel yourself slow down.
The worker ant twitches its antennae in your direction.
The two-headed ogre hits you with a dire flail.
* * * LOW HITPOINT WARNING * * *
The two-headed ogre hits you with a giant spiked club.
* * * LOW HITPOINT WARNING * * *
You slice the two-headed ogre!!
You headbutt the two-headed ogre, but do no damage.
The two-headed ogre is moderately wounded.
The two-headed ogre hits you with a dire flail.
* * * LOW HITPOINT WARNING * * *
The two-headed ogre hits you with a giant spiked club!
* * * LOW HITPOINT WARNING * * *
You slash the two-headed ogre! You headbutt the two-headed ogre.
The two-headed ogre is severely wounded.
The two-headed ogre hits you with a dire flail!
You die...

#.##...#..#.....#.#....#
..##.#.######..###.####...#
..###..# ###.......#####
..##..## #.####### ..##.###
######## ...≈...# #####.
#....####. ..≈≈≈).# #....
#÷........
..≈≈≈..####'#####.%.≈≈..(.
...≈≈..##......O@#.≈≈≈≈...
....≈.†##........#...(≈...
.........<..|....#....≈.(.
#................#....≈≈≈.
#................#..a..≈..
#......########.##........
#......# #..'........
######## ####.. .#


You could see a two-headed ogre.

Vanquished Creatures
  A two-headed ogre (D:9)
  The ghost of Frank the Sneak, a novice OpFi (D:6)
  The ghost of diana the Carver, a novice DsGl of Okawaru (D:7)
  2 centaur zombies (D:10)
  A spriggan (D:8)
  4 yaks (D:10)
  A wraith (D:10)
  A hungry ghost (D:10)
  4 orc warriors
  2 ice beasts
  A black bear (D:8)
  2 phantoms
  2 sky beasts
  5 ogres
  3 centaurs
  A crocodile (D:6)
  A wyvern zombie (D:6)
  5 bullfrogs
  A troll zombie (D:10)
  2 scorpions (D:8)
  14 wights (D:8)
  9 killer bees
  4 howler monkeys
  4 crimson imps
  A bullfrog zombie (D:7)
  4 hounds
  A centaur skeleton (D:8)
  6 jellies
  16 orc wizards
  9 orc priests
  2 iguanas
  5 worker ants
  5 ogre zombies (D:10)
  2 hound skeletons (D:4)
  A worker ant zombie (D:10)
  3 gnolls (D:4)
  A howler monkey skeleton (D:6)
  7 adders
  2 shadow imps (D:6)
  2 oozes
  An adder zombie (D:6)
  3 worms
  A dart slug (D:3)
  6 leopard geckos
  47 orcs
  A ball python (D:3)
  5 bats
  12 giant cockroaches
  7 hobgoblins
  16 jackals
  5 quokkas
  5 frilled lizards
  5 goblins
  A goblin zombie (D:10)
  3 hobgoblin zombies (D:10)
  13 kobolds
  A leopard gecko skeleton (D:6)
  4 orc skeletons (D:10)
  11 orc zombies (D:10)
  2 quokka zombies (D:6)
  9 rats
  4 fungi (D:8)
  A plant (D:8)
302 creatures vanquished.

Vanquished Creatures (others)
  5 fungi (D:8)
5 creatures vanquished.

Grand Total: 307 creatures vanquished

Notes
Turn   | Place    | Note
-------+----------+-------------------------------------------
     0 | D:1      | tognito the Minotaur Berserker began the quest for the Orb.
     0 | D:1      | Reached XP level 1. HP: 19/19 MP: 0/0
    90 | D:1      | Reached skill level 4 in Axes
    90 | D:1      | Reached XP level 2. HP: 19/26 MP: 1/1
   395 | D:1      | Reached skill level 5 in Axes
   400 | D:1      | Reached XP level 3. HP: 11/31 MP: 2/2
  1127 | D:2      | Reached ** piety under Trog
  1303 | D:2      | Reached skill level 6 in Axes
  1303 | D:2      | Reached XP level 4. HP: 36/39 MP: 3/3
  1918 | D:3      | Reached XP level 5. HP: 35/45 MP: 4/4
  1918 | D:3      | Reached skill level 7 in Axes
  2323 | D:3      | Reached *** piety under Trog
  2353 | D:3      | Found a snail-covered altar of Cheibriados.
  2540 | D:3      | Reached skill level 8 in Axes
  2814 | D:4      | Gained mutation: Your flesh is cold resistant. (rC+)
                  | [potion of mutation]
  2814 | D:4      | Gained mutation: Your system is resistant to poisons.
                  | (rPois) [potion of mutation]
  2814 | D:4      | Gained mutation: You are weak. (Str -2) [potion of
                  | mutation]
  2814 | D:4      | Gained mutation: You possess an exceptional clarity of
                  | mind. [potion of mutation]
  2833 | D:4      | Noticed an ogre
  2838 | D:4      | Killed an ogre
  2838 | D:4      | Reached XP level 6. HP: 15/51 MP: 5/5
  2854 | D:4      | HP: 3/76 [orc wizard/magic dart (5)]
  2855 | D:4      | Reached skill level 9 in Axes
  3302 | D:4      | Found Piycs's General Store.
  3600 | D:5      | Entered Level 5 of the Dungeon
  3652 | D:5      | Noticed an ice beast
  3658 | D:5      | Reached XP level 7. HP: 45/57 MP: 6/6
  3664 | D:5      | Reached skill level 10 in Axes
  3668 | D:5      | Found a shattered altar of Ashenzari.
  3668 | D:5      | Found an ornate altar of the Wu Jian Council.
  3899 | D:5      | Found a sacrificial altar of Ru.
  4182 | D:6      | Found Itaothra's Magic Scroll Shoppe.
  4194 | D:6      | Found a runed gate.
  4194 | D:6      | Found a runed gate.
  4194 | D:6      | Found a runed gate.
  4198 | D:6      | Noticed Frank's ghost (novice OpFi)
  4199 | D:6      | Reached **** piety under Trog
  4204 | D:6      | Reached skill level 11 in Axes
  4339 | D:6      | Killed Frank's ghost
  4339 | D:6      | Reached skill level 12 in Axes
  4339 | D:6      | Reached XP level 8. HP: 64/64 MP: 3/7
  4466 | D:6      | Found a staircase to the Ecumenical Temple.
  4485 | D:6      | Reached skill level 13 in Axes
  4640 | D:6      | Found a radiant altar of Vehumet.
  5020 | D:6      | Reached XP level 9. HP: 62/70 MP: 6/8
  5089 | D:6      | Reached skill level 14 in Axes
  5350 | D:7      | Found a runed door.
  5354 | D:7      | Noticed diana's ghost (novice DsGl)
  5505 | D:7      | Killed diana's ghost
  5663 | D:7      | Reached skill level 15 in Axes
  5704 | D:7      | Reached ***** piety under Trog
  6305 | D:8      | Received a gift from Trog
  6307 | D:8      | Reached skill level 16 in Axes
  6424 | D:8      | Found a basalt altar of Yredelemnul.
  6451 | D:8      | Reached XP level 10. HP: 77/77 MP: 9/9
  6707 | D:8      | Found Hihotwec's Weapon Shop.
  6715 | D:8      | Bought the cursed +1 war axe of Forimp {chop, rPois Dex+2}
                  | for 248 gold pieces
  6806 | D:8      | Reached skill level 17 in Axes
  6979 | D:8      | Found a staircase to the Lair.
  7272 | D:9      | Received a gift from Trog
  7439 | D:9      | Noticed a two-headed ogre
  7449 | D:9      | Killed a two-headed ogre
  7622 | D:9      | Found Kaositaf's Food Shoppe.
  7885 | D:9      | Found a glowing silver altar of Zin.
  7918 | D:9      | Found Umim's Magic Scroll Shoppe.
  7946 | D:9      | Reached skill level 18 in Axes
  8048 | D:10     | Entered Level 10 of the Dungeon
  8122 | D:10     | Found a staircase to the Orcish Mines.
  8596 | D:10     | Reached XP level 11. HP: 77/82 MP: 3/10
  8683 | D:10     | Noticed a two-headed ogre
  8689 | D:10     | Slain by a two-headed ogre

Skill      XL: |  1  2  3  4  5  6  7  8  9 10 |
---------------+-------------------------------+-----
Axes           | 4 5 6 8 9 12 13 16 18 | 18.9
Fighting       | |  3.6
Armour         | |  2.4
Dodging        | |  2.1

Action                   |  1- 3 |  4- 6 |  7- 9 | 10-12 || total
-------------------------+-------+-------+-------+-------++-------
Melee: Hand axe          |    85 |    97 |       |       ||   182
       Headbutt          |    11 |    21 |    39 |    47 ||   118
       War axe           |       |    35 |   191 |    92 ||   318
       Shortbow          |       |       |     1 |       ||     1
       Battleaxe         |       |       |       |   113 ||   113
 Fire: Shortbow          |       |       |    32 |    69 ||   101
Invok: Berserk           |       |     1 |     2 |     1 ||     4
  Use: Potion            |     4 |     3 |     4 |     2 ||    13
       Scroll            |     2 |       |       |     3 ||     5
  Eat: Chunk             |     1 |     9 |    10 |     9 ||    29
Armor: Animal skin       |     2 |       |       |       ||     2
       Scale mail        |    37 |    32 |       |       ||    69
       Chain mail        |       |    29 |    29 |       ||    58
       Plate armour      |       |       |    79 |   128 ||   207
Dodge: Dodged            |    63 |    67 |    79 |    72 ||   281
